[Event "Titled Tuesday Blitz January 17 Late 2023"]
[White "Vasques, Antonio Pedro Freixial"]
[Black "Kaasen, Tor Fredrik"]
[WhiteFideId "1908332"]
[BlackFideId "1516647"]
[WhiteElo "2214"]
[BlackElo "2480"]
[Result "0-1"]
[Round "03"]
[TimeControl "180+2"]
[Date "2023.01.17"]
[WhiteClock "0:00:04"]
[BlackClock "0:01:31"]

1. e4 c5 2. Nc3 Nc6 3. Bb5 Nd4 4. Nf3 a6 5. Bd3 g6 6. Nxd4 cxd4 7. Ne2 Bg7 8. c3 dxc3 9. bxc3 d5 10. Qa4+ Bd7 11. Qb3 Bc6 12. Ng3 Nf6 13. O-O dxe4 14. Bc4 O-O 15. Ba3 b5 16. Be2 h5 17. Rfe1 Re8 18. h3 Qxd2 19. Rad1 Qg5 20. c4 Rab8 21. cxb5 axb5 22. Bb4 Bd5 23. Qb2 e3 24. Nh1 0-1


[Site "https://www.chess.com"]

[Event "Titled Tuesday Blitz January 17 Late 2023"]
[White "Kobalia, Mikhail"]
[Black "Harish, Neeraj"]
[WhiteFideId "4119150"]
[BlackFideId "30958130"]
[WhiteElo "2578"]
[BlackElo "2232"]
[Result "1-0"]
[Round "03"]
[TimeControl "180+2"]
[Date "2023.01.17"]
[WhiteClock "0:01:01"]
[BlackClock "0:00:05"]

1. e4 c5 2. Nf3 Nc6 3. Bb5 g6 4. Bxc6 dxc6 5. d3 Bg7 6. a4 a5 7. Nbd2 Nf6 8. Nc4 Nd7 9. O-O e5 10. Nd6+ Ke7 11. Nc4 Re8 12. Ne1 Kf8 13. f4 Kg8 14. Nd6 Re6 15. Nxc8 Rxc8 16. f5 Re8 17. b3 f6 18. Be3 b6 19. h4 Nf8 20. Qg4 Qd7 21. Qh3 Rc7 22. g4 gxf5 23. gxf5 Kh8 24. Nf3 Qf7 25. h5 Nd7 26. h6 Bf8 27. Kh2 Bd6 28. Rg1 Rg8 29. Rxg8+ Qxg8 30. Rg1 Qf8 31. Qh5 Nb8 32. Nh4 Qf7 33. Ng6+ hxg6 34. fxg6 Qe7 35. g7+ 1-0


[Site "https://www.chess.com"]

[Event "Titled Tuesday Blitz January 17 Late 2023"]
[White "Esipenko, Andrey"]
[Black "Aggelis, Nikolaos"]
[WhiteFideId "24175439"]
[BlackFideId "4213220"]
[WhiteElo "2679"]
[BlackElo "2270"]
[Result "1-0"]
[Round "03"]
[TimeControl "180+2"]
[Date "2023.01.17"]
[WhiteClock "0:00:02"]
[BlackClock "0:00:03"]

1. c4 Nf6 2. Nc3 d5 3. cxd5 Nxd5 4. e4 Nxc3 5. bxc3 g6 6. h4 h6 7. d4 Bg7 8. Bc4 c5 9. Ne2 Nc6 10. Be3 cxd4 11. cxd4 Qa5+ 12. Bd2 Qa3 13. d5 Ne5 14. Bb5+ Bd7 15. Bxd7+ Nxd7 16. Rb1 Nc5 17. O-O Nxe4 18. Rxb7 Nd6 19. Bb4 Qa6 20. Rc7 O-O 21. Rxe7 Nf5 22. Re4 Rfd8 23. h5 g5 24. Bc3 Qxa2 25. Bxg7 Nxg7 26. Nc3 Qa5 27. Qf3 Rd7 28. Rfe1 Qc5 29. R4e3 f5 30. d6 Rf8 31. Nd5 Qxd6 32. Ne7+ Kh7 33. Ng6 Rff7 34. Qe2 Nxh5 35. Ne5 Ng7 36. Nxf7 Rxf7 37. Rd3 Qf6 38. Red1 f4 39. Rd8 f3 40. Qe4+ Qf5 41. Qa8 fxg2 42. Rh8+ Kg6 43. Rd6+ Kh5 44. Qxg2 Qb1+ 45. Kh2 1-0


[Site "https://www.chess.com"]

[Event "Titled Tuesday Blitz January 17 Late 2023"]
[White "Kamsky, Gata"]
[Black "Fiorito, Joaquin"]
[WhiteFideId "2000024"]
[BlackFideId "180173"]
[WhiteElo "2665"]
[BlackElo "2405"]
[Result "1-0"]
[Round "03"]
[TimeControl "180+2"]
[Date "2023.01.17"]
[WhiteClock "0:00:56"]
[BlackClock "0:00:25"]

1. d4 Nf6 2. Bf4 d5 3. e3 c5 4. c3 Nc6 5. Nd2 Bf5 6. Qb3 Qc8 7. dxc5 e5 8. Bg3 Bxc5 9. Ngf3 Bd6 10. Bb5 Qe6 11. c4 d4 12. O-O O-O 13. Bxc6 bxc6 14. exd4 e4 15. d5 Qd7 16. dxc6 Qxc6 17. Nd4 Qd7 18. Nxf5 Bxg3 19. Nxg3 Qxd2 20. Rad1 Qf4 21. Qe3 Qe5 22. Qd4 Qa5 23. a3 Rfe8 24. h3 h5 25. c5 h4 26. Nf5 Rad8 27. Qe3 g6 28. Nd6 Re6 29. Nb7 1-0


[Site "https://www.chess.com"]

[Event "Titled Tuesday Blitz January 17 Late 2023"]
[White "Bortnyk, Mykola"]
[Black "Korchmar, Vasiliy"]
[WhiteFideId "14120836"]
[BlackFideId "24131750"]
[WhiteElo "2425"]
[BlackElo "2438"]
[Result "1-0"]
[Round "03"]
[TimeControl "180+2"]
[Date "2023.01.17"]
[WhiteClock "0:00:32"]
[BlackClock "0:00:02"]

1. e4 c5 2. c3 g6 3. d4 cxd4 4. cxd4 d5 5. e5 Bg7 6. Nf3 Nc6 7. Bb5 Nh6 8. O-O O-O 9. h3 Nf5 10. Nc3 f6 11. Re1 Bd7 12. Nxd5 fxe5 13. dxe5 Nxe5 14. Nxe5 Bxb5 15. Qb3 e6 16. Qxb5 Qxd5 17. Qxd5 exd5 18. Nf3 Rac8 19. Rd1 Rfd8 20. Bg5 Rd7 21. Rd2 h6 22. Bf4 Re8 23. Rad1 g5 24. Bh2 a6 25. Rxd5 Rxd5 26. Rxd5 Nd4 27. Rd7 Nxf3+ 28. gxf3 Bxb2 29. Rxb7 Re2 30. Bg3 Bd4 31. a4 Ra2 32. Rb4 Bc5 33. Rc4 Bb6 34. f4 gxf4 35. Rxf4 Kh7 36. Rf6 Bd4 37. Rxa6 h5 38. h4 Kg7 39. Kg2 Kf7 40. Kf3 Kg7 41. Ra5 Kg6 42. Ra8 Kf5 43. a5 Ra3+ 44. Kg2 Be5 45. Bxe5 Kxe5 46. a6 Kf6 47. Rh8 1-0


[Site "https://www.chess.com"]

[Event "Titled Tuesday Blitz January 17 Late 2023"]
[White "Pap, Gyula"]
[Black "Berezin, Viktor"]
[WhiteFideId "725323"]
[BlackFideId "14107872"]
[WhiteElo "2429"]
[BlackElo "2307"]
[Result "1/2-1/2"]
[Round "03"]
[TimeControl "180+2"]
[Date "2023.01.17"]
[WhiteClock "0:02:27"]
[BlackClock "0:02:03"]

1. c4 Nf6 2. Nc3 g6 3. d4 Bg7 4. e4 d6 5. Be2 O-O 6. Bg5 c5 7. d5 h6 8. Be3 e6 9. dxe6 Bxe6 10. Qd2 Kh7 11. h3 Nc6 12. Nf3 Qa5 13. O-O-O a6 14. Kb1 1/2-1/2


[Site "https://www.chess.com"]

[Event "Titled Tuesday Blitz January 17 Late 2023"]
[White "Riehle, Marco"]
[Black "Ibadov, Dashgyn"]
[WhiteFideId "12904392"]
[BlackFideId "24107514"]
[WhiteElo "2368"]
[BlackElo "2391"]
[Result "1-0"]
[Round "03"]
[TimeControl "180+2"]
[Date "2023.01.17"]
[WhiteClock "0:01:44"]
[BlackClock "0:00:01"]

1. e4 e5 2. Nf3 Nc6 3. Bc4 Bc5 4. c3 Nf6 5. d4 exd4 6. cxd4 Bb4+ 7. Kf1 Nxe4 8. d5 Ne7 9. Qd4 Nf6 10. Bg5 Ng6 11. Bd3 Qe7 12. Nc3 Bc5 13. Qc4 O-O 14. Re1 Qd6 15. Bxf6 Qxf6 16. Qxc5 Nf4 17. Bc2 d6 18. Qd4 Qh6 19. Ne2 Nxg2 20. Kxg2 Qh3+ 21. Kg1 Qxf3 22. Qd3 Qg4+ 23. Ng3 g6 24. h3 Qb4 25. Qc3 Qxc3 26. bxc3 Bd7 27. Re7 Rad8 28. Kg2 Rfe8 29. Rhe1 Rxe7 30. Rxe7 Kf8 31. Re1 Bb5 32. Rb1 Ba6 33. Ne4 b6 34. Re1 Bc4 35. Bb3 Ba6 36. h4 h5 37. Re3 Bb7 38. Kf3 a5 39. a4 Kg7 40. Ng5 Kf8 41. Kf4 Bc8 42. Kg3 Bd7 43. Bc2 Be8 44. c4 Kg7 45. Re7 1-0


[Site "https://www.chess.com"]

[Event "Titled Tuesday Blitz January 17 Late 2023"]
[White "Rostovtsev, Dmitry"]
[Black "TheKnightOfBosnia"]
[WhiteFideId "34278320"]
[WhiteElo "2264"]
[BlackElo "2530"]
[Result "1/2-1/2"]
[Round "03"]
[TimeControl "180+2"]
[Date "2023.01.17"]
[WhiteClock "0:02:14"]
[BlackClock "0:00:39"]

1. d4 Nf6 2. Nc3 d5 3. Bf4 a6 4. e3 e6 5. Nf3 Be7 6. Bd3 Nbd7 7. h3 b5 8. O-O O-O 9. a3 Bb7 10. Re1 c5 11. Bh2 Rc8 12. Ne5 Qb6 13. Bf1 Nxe5 14. Bxe5 Nd7 15. Bg3 cxd4 16. exd4 b4 17. axb4 Bxb4 18. Na4 Qc6 19. c3 Be7 20. Bd3 Bf6 21. Qh5 g6 22. Qe2 Rfe8 23. Qd2 e5 24. dxe5 Nxe5 25. Bf1 Kg7 26. b4 d4 27. Bxe5 Bxe5 28. cxd4 Rcd8 29. Qg5 Bxd4 30. Rxe8 Rxe8 31. Rd1 Bf6 32. Qa5 Re2 33. Nc5 Rb2 34. Nxb7 Qxb7 35. Qxa6 Qxa6 36. Bxa6 Rxb4 37. g3 Rd4 38. Re1 Rd2 39. Re2 Rxe2 40. Bxe2 h5 41. Kg2 Be5 42. h4 Kf6 43. f4 Bd6 44. Kf3 Be7 45. Bd3 Kg7 46. f5 Kf6 47. fxg6 fxg6 48. Kg2 Bd6 49. Kh3 Be5 50. g4 hxg4+ 51. Kxg4 Bc3 52. Bxg6 Kxg6 53. Kf3 Kh5 54. Ke2 Kxh4 1/2-1/2


[Site "https://www.chess.com"]

[Event "Titled Tuesday Blitz January 17 Late 2023"]
[White "Cardoso Cardoso, Jose Gabriel"]
[Black "Musovic, Armin"]
[WhiteFideId "4430492"]
[BlackFideId "939935"]
[WhiteElo "2492"]
[BlackElo "2261"]
[Result "0-1"]
[Round "03"]
[TimeControl "180+2"]
[Date "2023.01.17"]
[WhiteClock "0:00:01"]
[BlackClock "0:00:12"]

1. d4 d5 2. Nc3 c5 3. e4 dxe4 4. d5 a6 5. Nxe4 Nf6 6. Nxf6+ exf6 7. Nf3 Bd6 8. Bd3 O-O 9. O-O Bg4 10. h3 Bh5 11. Re1 Nd7 12. a4 Re8 13. Be3 Rc8 14. Be2 Bb8 15. Qd2 Nf8 16. Rad1 Qd6 17. g3 g5 18. Nh2 Bxe2 19. Qxe2 Ng6 20. Ng4 Kg7 21. Qf3 h5 22. Nh2 h4 23. Nf1 Re5 24. Rd3 Qd7 25. Kg2 hxg3 26. fxg3 Rh8 27. Qg4 Qe7 28. Red1 Bd6 29. Bf2 f5 30. Qf3 f4 31. g4 Re2 32. Kg1 Rxc2 33. R3d2 Rxd2 34. Nxd2 Ne5 35. Qe4 Rxh3 36. Re1 Qf6 37. Kg2 Rd3 38. Nc4 f3+ 39. Kf1 Qh6 40. Kg1 Nxc4 41. Qxd3 Qh3 42. Bd4+ cxd4 43. Qxd4+ Ne5 44. Qf2 Qxg4+ 45. Kf1 Qc4+ 46. Kg1 Qxd5 47. Qg3 Bc5+ 48. Kh2 Ng6 0-1


[Site "https://www.chess.com"]

[Event "Titled Tuesday Blitz January 17 Late 2023"]
[White "Yuan, Qingyu"]
[Black "Santos Flores, Alberto"]
[WhiteFideId "8609772"]
[BlackFideId "3601234"]
[WhiteElo "2373"]
[BlackElo "2164"]
[Result "1-0"]
[Round "03"]
[TimeControl "180+2"]
[Date "2023.01.17"]
[WhiteClock "0:01:50"]
[BlackClock "0:01:35"]

1. e4 e6 2. d4 d5 3. Nd2 c5 4. Ngf3 cxd4 5. Nxd4 Nf6 6. exd5 Nxd5 7. N2f3 Be7 8. c3 O-O 9. Bd3 Nc6 10. Nxc6 bxc6 11. O-O Bf6 12. Qe2 a5 13. a4 Qb6 14. Ne5 Bxe5 15. Qxe5 Ba6 16. Rd1 Bxd3 17. Rxd3 Rfd8 18. Rg3 Nf6 19. Bh6 1-0


[Site "https://www.chess.com"]

[Event "Titled Tuesday Blitz January 17 Late 2023"]
[White "Reprintsev, Alexander"]
[Black "Dimitrov, Atanas"]
[WhiteFideId "14100541"]
[BlackFideId "2901315"]
[WhiteElo "2253"]
[BlackElo "2269"]
[Result "1/2-1/2"]
[Round "03"]
[TimeControl "180+2"]
[Date "2023.01.17"]
[WhiteClock "0:00:07"]
[BlackClock "0:00:04"]

1. e4 c5 2. b3 Nc6 3. Bb2 d6 4. Bb5 Bd7 5. Ne2 Nf6 6. Bxf6 gxf6 7. Ng3 e6 8. Qh5 a6 9. Bxc6 Bxc6 10. Nc3 Qd7 11. f4 O-O-O 12. f5 d5 13. fxe6 fxe6 14. O-O dxe4 15. Rxf6 Qxd2 16. Nce2 Bg7 17. Raf1 Bxf6 18. Rxf6 Qxc2 19. Qe5 Rhe8 20. h3 Rd5 21. Qf4 Rd2 22. Qg4 Kb8 23. a4 Qxb3 24. Qf4+ Ka7 25. Qxd2 Qxa4 26. Kh2 Bd5 27. Nf4 Qc4 28. Rf7 Bc6 29. Rxh7 e5 30. Nfe2 Rf8 31. Qd6 Rf2 32. Qxc6 Qb4 33. Nxe4 Rxe2 34. Qxc5+ Qxc5 35. Nxc5 Rb2 36. Re7 Rb5 37. Nd3 Rb3 38. Nxe5 a5 39. Nc4 a4 40. Re5 b5 41. Nd2 Rb2 42. h4 a3 43. Re3 b4 44. Nc4 a2 45. Nxb2 a1=Q 46. Nd3 Qd4 47. Rg3 Qxh4+ 48. Rh3 Qd4 49. Rf3 b3 50. Kg3 b2 51. Nxb2 Qxb2 52. Kh2 Qe5+ 53. Kg1 Kb6 54. Kf2 Kc5 55. Kf1 Kd4 56. Kf2 Qc5 57. Kg3 Ke4 58. Kh3 Qg5 59. Kh2 Qh4+ 60. Kg1 Qe1+ 61. Kh2 Qa5 62. Kg1 Qh5 63. Kf2 Qh2 64. Kf1 Kd4 65. Kf2 Ke5 66. Kf1 Ke6 67. Kf2 Kd5 68. Kf1 Ke4 69. Kf2 Qd6 70. Kf1 Qd2 71. Kg1 Qe2 72. Kh2 Qe1 73. Kh3 Qh1+ 74. Kg3 Ke5 75. Kf2 Qb1 76. Kg3 Qe1+ 77. Kh2 Qa1 78. Kg3 Ke4 79. Kh2 Qe5+ 80. Kg1 Qg5 81. Kf2 Qh4+ 82. Kg1 Qe1+ 83. Kh2 Qa5 84. Kg1 Qc7 85. Kf2 Qg7 86. Kg1 Qg4 87. Kf2 Qh4+ 88. Kg1 1/2-1/2


[Site "https://www.chess.com"]

[Event "Titled Tuesday Blitz January 17 Late 2023"]
[White "Vlassov, Nikolai"]
[Black "Vifleemskaia, Svetlana"]
[WhiteFideId "4103360"]
[BlackFideId "4129490"]
[WhiteElo "2283"]
[BlackElo "1971"]
[Result "1-0"]
[Round "03"]
[TimeControl "180+2"]
[Date "2023.01.17"]
[WhiteClock "0:00:47"]
[BlackClock "0:00:24"]

1. e4 e5 2. Bc4 Nf6 3. d3 c6 4. Nf3 d5 5. Bb3 Nbd7 6. Nc3 Bb4 7. O-O O-O 8. exd5 Bxc3 9. dxc6 bxc6 10. bxc3 h6 11. Re1 Re8 12. a4 a5 13. Ba3 Qc7 14. Nd2 Nb6 15. h3 Nbd5 16. Bb2 Rb8 17. Qf3 Nf4 18. Nc4 Ng6 19. Ba3 Rd8 20. Qg3 Nd5 21. Nxe5 Nxe5 22. Rxe5 Be6 23. Rxd5 Qxg3 24. Rxd8+ Rxd8 25. fxg3 Bxb3 26. cxb3 Rxd3 27. Rc1 Rxg3 28. b4 axb4 29. Bxb4 Rd3 30. a5 Rd2 31. Ra1 1-0


[Site "https://www.chess.com"]

[Event "Titled Tuesday Blitz January 17 Late 2023"]
[White "Bjelobrk, Igor"]
[Black "Dylag, Emilia"]
[WhiteFideId "4300726"]
[BlackFideId "21805172"]
[WhiteElo "2403"]
[BlackElo "2095"]
[Result "1-0"]
[Round "03"]
[TimeControl "180+2"]
[Date "2023.01.17"]
[WhiteClock "0:00:18"]
[BlackClock "0:00:03"]

1. Nf3 Nf6 2. c4 e6 3. g3 d5 4. Bg2 Bd6 5. O-O O-O 6. d4 h6 7. Nc3 Nc6 8. b3 dxc4 9. bxc4 e5 10. e3 exd4 11. exd4 Bb4 12. Bb2 Bg4 13. Ne2 Ne4 14. d5 Bxf3 15. Bxf3 Nd2 16. Nf4 Nxf1 17. Kxf1 Ne7 18. Qd4 Nf5 19. Qe5 Qf6 20. Qxf6 gxf6 21. Nh5 Be7 22. Re1 Bd8 23. Bg4 Nd6 24. c5 Nc4 25. Bd4 Ne5 26. Bf5 b6 27. c6 a5 28. f4 Ng6 29. Bd7 a4 30. Nxf6+ Bxf6 31. Bxf6 Ra5 32. Rd1 Rc5 33. Rd2 Ra8 34. Kf2 a3 35. Kf3 Raa5 36. Ke4 Ra4+ 37. Kf5 Raa5 38. Ke4 Ra4+ 39. Kf3 Raa5 40. d6 cxd6 41. Rxd6 Ra4 42. Bd4 Rb4 43. Bxc5 bxc5 44. c7 Ne7 45. Ra6 Rb2 46. Rxa3 Rc2 47. c8=Q+ Nxc8 48. Bxc8 c4 49. h4 c3 50. Bf5 Rc1 51. Ra8+ Kg7 52. Rc8 Rf1+ 53. Kg4 Re1 54. Rxc3 Ra1 55. a3 1-0


[Site "https://www.chess.com"]

[Event "Titled Tuesday Blitz January 17 Late 2023"]
[White "Vaglio Munoz, Jaime"]
[Black "Weetik, Vjacheslav"]
[WhiteFideId "6500145"]
[BlackFideId "4153472"]
[WhiteElo "2174"]
[BlackElo "2423"]
[Result "0-1"]
[Round "03"]
[TimeControl "180+2"]
[Date "2023.01.17"]
[WhiteClock "0:01:18"]
[BlackClock "0:01:05"]

1. d4 d5 2. c4 c6 3. Nc3 Nf6 4. e3 e6 5. a3 Nbd7 6. Nf3 Bd6 7. Qc2 O-O 8. b4 a5 9. b5 e5 10. cxd5 cxd5 11. dxe5 Nxe5 12. Be2 Bg4 13. Nxe5 Bxe5 14. Bxg4 Nxg4 15. h3 Nxf2 16. Kxf2 Qf6+ 17. Ke2 Bxc3 18. Rb1 d4 19. Rf1 Qe6 20. Rf3 Rfd8 21. Kf1 Rac8 22. exd4 Qe1# 0-1


[Site "https://www.chess.com"]

[Event "Titled Tuesday Blitz January 17 Late 2023"]
[White "Naroditsky, Daniel"]
[Black "Ansh M Shah"]
[WhiteFideId "2026961"]
[BlackFideId "25033379"]
[WhiteElo "2618"]
[BlackElo "2171"]
[Result "1-0"]
[Round "03"]
[TimeControl "180+2"]
[Date "2023.01.17"]
[WhiteClock "0:00:52"]
[BlackClock "0:00:03"]

1. e4 c6 2. d4 d5 3. f3 dxe4 4. fxe4 e5 5. Nf3 Bg4 6. Bc4 Nd7 7. O-O Ngf6 8. c3 Bd6 9. Bg5 O-O 10. Nbd2 b5 11. Bb3 Qb6 12. Kh1 Bxf3 13. Nxf3 Nxe4 14. Be3 exd4 15. Bxd4 Bc5 16. Bxg7 Kxg7 17. Qxd7 Nf2+ 18. Rxf2 Bxf2 19. Ng5 Rad8 20. Qf5 Qe3 21. Qxh7+ Kf6 22. Ne4+ Ke7 23. Qf5 Rd7 24. Nxf2 Rfd8 25. h3 Rd2 26. Qxf7+ Kd6 27. Rf1 Rd7 28. Qf5 Kc7 29. Ng4 Qe2 30. Rf2 Rd1+ 31. Kh2 Qe1 32. Bxd1 Rxd1 33. Qe5+ Qxe5+ 34. Nxe5 1-0


[Site "https://www.chess.com"]

[Event "Titled Tuesday Blitz January 17 Late 2023"]
[White "Arenas, David"]
[Black "Martinez Alcantara, Jose Eduardo"]
[WhiteFideId "4403177"]
[BlackFideId "3805662"]
[WhiteElo "2426"]
[BlackElo "2619"]
[Result "0-1"]
[Round "03"]
[TimeControl "180+2"]
[Date "2023.01.17"]
[WhiteClock "0:00:06"]
[BlackClock "0:00:45"]

1. e4 c5 2. Nf3 d6 3. Nc3 Nf6 4. e5 dxe5 5. Nxe5 e6 6. Bb5+ Bd7 7. Nxd7 Nbxd7 8. d4 a6 9. Bxd7+ Qxd7 10. Be3 Qc6 11. Qe2 c4 12. O-O Bb4 13. Nb1 Nd5 14. c3 Be7 15. Nd2 Rc8 16. Nf3 O-O 17. Bg5 Bd6 18. Bh4 b5 19. Bg3 Be7 20. Ne5 Qb7 21. a3 Bd6 22. Nf3 Be7 23. Ne5 Bf6 24. Ng4 Rfe8 25. Rfe1 Be7 26. Ne3 Nb6 27. Ng4 Qd5 28. Qe4 Qxe4 29. Rxe4 Bf8 30. Re2 Red8 31. Bh4 Rd7 32. Ne5 Rb7 33. Bg3 a5 34. Kf1 Nd5 35. Rc1 h5 36. h3 g6 37. Nf3 Bh6 38. Rcc2 b4 39. cxb4 axb4 40. axb4 Nxb4 41. Rc3 Nd5 42. Ra3 Bc1 43. Ra2 Nb4 44. Ra3 Nd3 45. Rc2 Rxb2 46. Rac3 Rxc2 47. Rxc2 Bf4 48. Bxf4 Nxf4 49. Ne5 c3 50. g3 Nd5 51. Nd3 Rc4 0-1


[Site "https://www.chess.com"]

[Event "Titled Tuesday Blitz January 17 Late 2023"]
[White "Dardha, Daniel"]
[Black "Leenhouts, Koen"]
[WhiteFideId "240990"]
[BlackFideId "1008439"]
[WhiteElo "2631"]
[BlackElo "2447"]
[Result "1-0"]
[Round "03"]
[TimeControl "180+2"]
[Date "2023.01.17"]
[WhiteClock "0:00:03"]
[BlackClock "0:00:02"]

1. Nc3 d5 2. e4 d4 3. Nd5 e6 4. Nf4 e5 5. Nd3 Bd6 6. g3 c5 7. b3 Ne7 8. Bg2 Nbc6 9. Ne2 Be6 10. O-O Qd7 11. f4 f6 12. c3 c4 13. bxc4 Bxc4 14. Nb2 Ba6 15. cxd4 Bxe2 16. Qxe2 Nxd4 17. Qd3 O-O 18. Nc4 Bc5 19. Kh1 Nec6 20. Ne3 Kh8 21. Nd5 Nb4 22. Nxb4 Bxb4 23. Bb2 Rad8 24. Rac1 Nc6 25. Qb5 Qxd2 26. Ba1 Nd4 27. Qxb7 a5 28. Rc7 Rg8 29. fxe5 fxe5 30. Bxd4 Qxd4 31. h4 Qe3 32. Kh2 Rd2 33. Rxg7 Rxg7 34. Qb8+ Rg8 35. Qxe5+ Rg7 36. Qe8+ Rg8 37. Qe5+ Rg7 38. Rf7 Rxg2+ 39. Kxg2 Qe2+ 40. Kh3 Qg4+ 41. Kh2 Qe2+ 42. Kh3 Qg4+ 43. Kg2 Qe2+ 44. Rf2 Qe3 45. Rc2 1-0


[Site "https://www.chess.com"]

[Event "Titled Tuesday Blitz January 17 Late 2023"]
[White "Hnydiuk, Aleksander"]
[Black "Sanal, Vahap"]
[WhiteFideId "1109057"]
[BlackFideId "6300545"]
[WhiteElo "2363"]
[BlackElo "2600"]
[Result "0-1"]
[Round "03"]
[TimeControl "180+2"]
[Date "2023.01.17"]
[WhiteClock "0:00:06"]
[BlackClock "0:00:18"]

1. d4 d6 2. Bf4 Nf6 3. e3 g6 4. Nc3 Bg7 5. Qd2 O-O 6. O-O-O c6 7. Kb1 b5 8. Bd3 Nbd7 9. Nf3 a5 10. h4 h5 11. Ng5 e5 12. Bh2 Qb6 13. Nce4 Nxe4 14. Nxe4 d5 15. Nd6 exd4 16. exd4 Qxd4 17. c3 Qf6 18. g4 hxg4 19. h5 Nc5 20. h6 Nxd3 21. hxg7 Rd8 22. Nxc8 Raxc8 23. Qxd3 Re8 24. Bg3 Kxg7 25. Qd2 Rh8 26. Rxh8 Rxh8 27. Re1 Qf5+ 28. Kc1 c5 29. Be5+ f6 30. Bg3 g5 31. Re7+ Kg6 32. Qc2 Rh1+ 33. Kd2 Qxc2+ 34. Kxc2 f5 35. Re6+ Kf7 36. Re5 Kf6 37. Rxd5 f4 38. Rxc5 fxg3 39. fxg3 Rg1 40. Rxb5 Rxg3 41. Rxa5 Rf3 42. Ra8 Ke5 43. Kd2 g3 44. Rg8 Kf4 45. Ke2 g2 46. Rf8+ Kg4 47. Rxf3 g1=Q 48. Rf2 Kh3 49. Kf3 g4+ 0-1


[Site "https://www.chess.com"]

[Event "Titled Tuesday Blitz January 17 Late 2023"]
[White "Jones, Gawain C B"]
[Black "Malka, Samuel"]
[WhiteFideId "409561"]
[BlackFideId "20643675"]
[WhiteElo "2618"]
[BlackElo "2165"]
[Result "1-0"]
[Round "03"]
[TimeControl "180+2"]
[Date "2023.01.17"]
[WhiteClock "0:00:10"]
[BlackClock "0:00:06"]

1. e4 e5 2. Nf3 Nc6 3. d4 exd4 4. Bc4 Nf6 5. e5 Ne4 6. Qe2 Nc5 7. O-O Ne6 8. Bxe6 dxe6 9. Rd1 Bd7 10. Nxd4 Qh4 11. Nf3 Qh5 12. Nc3 O-O-O 13. Bg5 Be7 14. Bxe7 Nxe7 15. Rd4 Bc6 16. Rxd8+ Rxd8 17. Nd4 Qxe2 18. Ncxe2 Ng6 19. Nxc6 bxc6 20. f4 Rd2 21. Kf1 Rxc2 22. b3 Nh4 23. g3 Nf3 24. h3 Nd2+ 25. Kf2 Ne4+ 26. Ke3 Nc3 27. Nd4 Nd5+ 28. Kf3 Rc3+ 29. Kf2 a6 30. Re1 c5 31. Nf3 Rc2+ 32. Re2 Rc1 33. Re1 Rc2+ 34. Re2 Rc1 35. Ng5 Nc3 36. Re1 Rc2+ 37. Kf3 Nxa2 38. Nxf7 Nb4 39. Ng5 Rc3+ 40. Kg4 Nd3 41. Re2 Nc1 42. Re4 Kd7 43. Nxh7 Nxb3 44. h4 Nd4 45. Nf8+ Ke7 46. Ng6+ Kf7 47. Nh8+ Ke8 48. Ng6 a5 49. Re1 a4 50. Rb1 Rb3 51. Rc1 a3 52. Rxc5 a2 53. Ra5 Rb2 54. Ra8+ Kd7 55. Nf8+ Kc6 56. Kg5 Nb3 57. Nxe6 a1=Q 58. Rxa1 Nxa1 59. Nxg7 Kd7 60. f5 Ke7 61. f6+ Kf7 62. e6+ Kf8 63. e7+ Kf7 64. e8=Q# 1-0


[Site "https://www.chess.com"]

[Event "Titled Tuesday Blitz January 17 Late 2023"]
[White "Kravtsiv, Martyn"]
[Black "Rodriguez Fontecha, Marcos"]
[WhiteFideId "14113147"]
[BlackFideId "2256576"]
[WhiteElo "2598"]
[BlackElo "2309"]
[Result "1-0"]
[Round "03"]
[TimeControl "180+2"]
[Date "2023.01.17"]
[WhiteClock "0:01:31"]
[BlackClock "0:00:50"]

1. e4 e6 2. d4 d5 3. e5 c5 4. c3 Nc6 5. Nf3 Qb6 6. Be2 cxd4 7. cxd4 Nh6 8. Bxh6 Qxb2 9. O-O Qxa1 10. Qb3 gxh6 11. Nc3 Qxf1+ 12. Kxf1 Be7 13. Nb5 O-O 14. Nd6 f5 15. g3 Nd8 16. Ne1 Bd7 17. Nd3 b6 18. Nf4 Bxd6 19. exd6 Nf7 20. Qe3 Nxd6 21. Nh5 f4 22. Qe5 Nf5 23. g4 Rf7 24. gxf5 exf5 25. Nf6+ Kf8 26. Qd6+ Kg7 27. Nxd7 Rd8 28. Qe5+ 1-0


[Site "https://www.chess.com"]

[Event "Titled Tuesday Blitz January 17 Late 2023"]
[White "Quispe Arteaga, Gabriel"]
[Black "Carbone, Diego"]
[WhiteFideId "32059809"]
[BlackFideId "3002179"]
[WhiteElo "2381"]
[BlackElo "2336"]
[Result "1-0"]
[Round "03"]
[TimeControl "180+2"]
[Date "2023.01.17"]
[WhiteClock "0:00:42"]
[BlackClock "0:00:06"]

1. c4 e6 2. Nc3 d5 3. d4 Nf6 4. cxd5 exd5 5. Bg5 Bb4 6. e3 h6 7. Bxf6 Qxf6 8. Bd3 O-O 9. Ne2 c6 10. Qc2 Bd6 11. O-O Nd7 12. f3 Qg5 13. e4 dxe4 14. fxe4 Nb6 15. e5 Bc7 16. Kh1 Bg4 17. h3 Be6 18. Ne4 Qe7 19. Qd2 Rad8 20. Qe3 Kh8 21. Rf6 Nd5 22. Rxh6+ gxh6 23. Qxh6+ Kg8 24. Nf6+ Nxf6 25. exf6 Qxf6 26. Qxf6 Rd5 27. Nf4 Bxf4 28. Qxf4 Rfd8 29. Qg3+ Kf8 30. Bc4 Rf5 31. Bxe6 fxe6 32. Re1 Kf7 33. Qc7+ 1-0


[Site "https://www.chess.com"]

[Event "Titled Tuesday Blitz January 17 Late 2023"]
[White "Kosakowski, Jakub"]
[Black "Graif, William"]
[WhiteFideId "1185080"]
[BlackFideId "2609835"]
[WhiteElo "2485"]
[BlackElo "2304"]
[Result "1/2-1/2"]
[Round "03"]
[TimeControl "180+2"]
[Date "2023.01.17"]
[WhiteClock "0:00:49"]
[BlackClock "0:00:08"]

1. e4 e5 2. Nf3 Bc5 3. c3 d5 4. d4 exd4 5. cxd4 dxe4 6. dxc5 Qxd1+ 7. Kxd1 exf3 8. gxf3 Ne7 9. Nc3 Be6 10. Bf4 Nd7 11. b4 a5 12. Nb5 Nd5 13. Nxc7+ Nxc7 14. Bxc7 axb4 15. Bd6 f6 16. Bb5 Kf7 17. Re1 Ne5 18. f4 Nc6 19. f5 Bxf5 20. Bc4+ Kg6 21. h4 h6 22. h5+ Kh7 23. Kd2 Ne5 24. Bxe5 fxe5 25. Rxe5 Rhd8+ 26. Ke3 Re8 27. Kf4 Rxe5 28. Kxe5 Bg4 29. Kd6 Bxh5 30. Bd5 b3 31. Bxb3 Bf3 32. Re1 Bc6 33. Re7 Rd8+ 34. Kc7 Rd2 35. f4 Rf2 36. f5 Kh8 37. Rf7 h5 38. Rf8+ Kh7 39. Bf7 Rxf5 40. Bg8+ Kg6 41. Bh7+ Kxh7 42. Rxf5 Kh6 43. a4 h4 44. a5 h3 45. Rf8 Kh7 46. a6 h2 47. a7 h1=Q 48. a8=Q Qh2+ 49. Kb6 Qb2+ 50. Ka7 Qa3+ 51. Kb8 Qxc5 52. Rd8 Qe5+ 53. Kc8 Qe6+ 54. Kc7 Qe5+ 55. Kb6 Qb5+ 56. Kc7 Qe5+ 57. Kb6 Qb5+ 58. Kc7 Qe5+ 1/2-1/2


[Site "https://www.chess.com"]

[Event "Titled Tuesday Blitz January 17 Late 2023"]
[White "Bikuzhin, Maksim"]
[Black "Sowa, Ryan"]
[WhiteFideId "24128015"]
[BlackFideId "30901693"]
[WhiteElo "2279"]
[BlackElo "2073"]
[Result "1/2-1/2"]
[Round "03"]
[TimeControl "180+2"]
[Date "2023.01.17"]
[WhiteClock "0:00:41"]
[BlackClock "0:00:33"]

1. e4 c6 2. Nc3 d5 3. Qe2 d4 4. Nd1 e5 5. d3 Bd6 6. g3 c5 7. Bg2 Nc6 8. f4 f6 9. Nf3 Be6 10. Nf2 Qd7 11. O-O Nge7 12. Bd2 O-O-O 13. c4 h6 14. a3 g5 15. f5 Bf7 16. Rab1 Kb8 17. b4 b6 18. Qe1 Rc8 19. b5 Nd8 20. a4 Nb7 21. a5 Bc7 22. axb6 axb6 23. Ra1 Na5 24. Bxa5 bxa5 25. b6 Bxb6 26. Rxa5 Nc6 27. Rb5 Kc7 28. Qb1 Rb8 29. Qb2 h5 30. Rb1 Nb4 31. Ne1 Qd6 32. Nc2 Nxc2 33. Qxc2 Be8 34. R5b2 Bd7 35. Bf3 g4 36. Bd1 Ba5 37. Rxb8 Rxb8 38. Rxb8 Kxb8 39. h3 gxh3 40. Nxh3 Be8 41. Qc1 Qf8 42. Kg2 Bb4 43. Ng1 Qg7 44. Nf3 Qa7 45. Nh4 Qa2+ 46. Qc2 Qxc2+ 47. Bxc2 Kc7 48. Bd1 Kd8 49. Ng6 Bxg6 50. fxg6 Ke7 51. Bxh5 Kf8 52. Kf3 Kg7 53. Kg4 Ba3 54. Kf5 Bc1 55. Ke6 Bd2 56. Kd6 Bb4 57. Kc6 Ba3 58. Kb5 Bb4 59. Ka4 Bc3 60. Kb5 Bb4 61. Ka4 Bc3 62. Kb5 Bb4 1/2-1/2


[Site "https://www.chess.com"]